 Dungeon Crawl Stone Soup version 0.31.0-11-ge490571c62 (webtiles) character file.

Game seed: 12046510854568932071

253 qw the Skirmisher (level 5, -2/31 HPs)
             Began as a Deep Elf Hunter on Feb 4, 2024.
             Incinerated by a bombardier beetle (6 damage)
             ... with a burning spray
             ... on level 3 of the Dungeon.
             The game lasted 00:00:09 (2062 turns).

qw the Skirmisher (Deep Elf Hunter)                 Turns: 2062, Time: 00:00:09

Health: -2/31      AC:  6    Str: 10    XL:     5   Next: 90%
Magic:  7/7        EV: 11    Int: 14    God:
Gold:   124        SH:  0    Dex: 18    Spells: 4/4 levels left

rFire   . . .        a - +0 shortbow
rCold   . . .        (shield currently unavailable)
rNeg    . . .        e - +0 ring mail
rPois   +            b - +0 helmet
rElec   .            (no cloak)
rCorr   .            (no gloves)
SInv    .            (no boots)
Will    .....        (no amulet)
Stlth   +            i - ring of poison resistance
HPRegen 0.25/turn    (no ring)
MPRegen 0.10/turn

%: no passive effects
@: on fire, glowing
A: no striking features
a: no special abilities


You were on level 3 of the Dungeon.
You visited 1 branch of the dungeon, and saw 3 of its levels.

You collected 124 gold pieces.


   Skills:
 - Level 2.4 Fighting
 + Level 9.0 Ranged Weapons
 - Level 2.4 Dodging
 - Level 1.2 Stealth


You had 4 spell levels left.
You didn't know any spells.
Your spell library was empty.

Inventory:

Hand Weapons
 a - a +0 shortbow (weapon)
Armour
 b - a +0 helmet (worn)
 e - a +0 ring mail (worn)
Jewellery
 i - a ring of poison resistance (left hand)
Potions
 f - a potion of might

Dungeon Overview and Level Annotations

Branches:
Dungeon (3/15)

Altars:


Message History

You start resting.
HP restored.
A frilled lizard comes into view.
Found a sling.
The frilled lizard hisses angrily.
You shoot an arrow. The arrow hits the frilled lizard.
You kill the frilled lizard!
A bombardier beetle comes into view.
You shoot an arrow. The arrow hits the bombardier beetle.
The bombardier beetle is lightly wounded.
You shoot an arrow.
The arrow barely misses the bombardier beetle.
You shoot an arrow. The arrow hits the bombardier beetle.
The bombardier beetle is moderately wounded.
The bombardier beetle sprays incendiary fluid at you.
The burning spray hits you.
You are covered in liquid fire!
You shoot an arrow.
The arrow hits the bombardier beetle but does no damage.
The bombardier beetle is moderately wounded.
The liquid fire burns you!
The bombardier beetle sprays incendiary fluid at you.
The burning spray misses you.
You shoot an arrow. The arrow hits the bombardier beetle.
The bombardier beetle is moderately wounded.
The liquid fire burns you!
You shoot an arrow. The arrow hits the bombardier beetle!
The bombardier beetle is almost dead.
The liquid fire burns you!
You shoot an arrow. The arrow hits the bombardier beetle.
You kill the bombardier beetle!
The liquid fire burns you!
Your Fighting skill increases to level 2!
You are on fire!
The liquid fire burns you!
You are on fire!
The liquid fire burns you!
You are on fire!
The liquid fire burns you!
You die...

#.######.#.#..# #.#
#....... #.#
###.#..# # #.#
##.#<%#
#.####.#######......
#.#................#
#.....).....##...#.#
###.##.########.##..
#@##.# #.# ## #.##.#
#.# ..##.# #.#
#####.. ..# ### ###


There were no monsters in sight!

Vanquished Creatures
  A phantom (D:2)
  A bombardier beetle (D:3)
  An iguana (D:2)
  Robin (D:2)
  3 gnolls (D:2)
  3 adders
  4 ball pythons (D:1)
  3 bats (D:1)
  6 endoplasms
  12 goblins
  4 hobgoblins
  2 quokkas
  3 frilled lizards
  3 kobolds
  8 rats
55 creatures vanquished.

Notes
Turn   | Place    | Note
-------+----------+-------------------------------------------
     0 | D:1      | qw the Deep Elf Hunter began the quest for the Orb.
     0 | D:1      | Reached XP level 1. HP: 12/12 MP: 3/3
     0 | D:1      | 0 ||| qw: Version: 0.3-a-160-g6735b56
     0 | D:1      | 0 ||| qw: Game counter: 4723
     0 | D:1      | 0 ||| qw: Melee chars always use a shield: true
     0 | D:1      | 0 ||| qw: God list: Okawaru
     0 | D:1      | 0 ||| qw: Allow faded altars: false
     0 | D:1      | 0 ||| qw: Do Orc after clearing Dungeon:15 true
     0 | D:1      | 0 ||| qw: Do second Lair branch before Depths: true
     0 | D:1      | 0 ||| qw: Lair rune preference: random
     0 | D:1      | 0 ||| qw: Goals: Normal
     0 | D:1      | 0 ||| PLANNING D:1-11
   136 | D:1      | Reached XP level 2. HP: 16/16 MP: 4/4
   196 | D:1      | Reached skill level 6 in Ranged Weapons
   859 | D:1      | 859 ||| UPGRADING to +0 ring mail.
   869 | D:1      | 869 ||| DROPPING +0 leather armour.
   870 | D:1      | 870 ||| READING scroll labelled UBEL RUIL ZOKI.
   873 | D:1      | 873 ||| READING 4 scrolls labelled ZEKOEPS UCHAF LEFF.
   873 | D:1      | 873 ||| IDENTIFYING pink potion
   874 | D:1      | 874 ||| READING 3 scrolls of identify.
   874 | D:1      | 874 ||| IDENTIFYING black potion
   875 | D:1      | 875 ||| READING 2 scrolls of identify.
   875 | D:1      | 875 ||| IDENTIFYING 2 emerald potions
   876 | D:1      | 876 ||| READING scroll of identify.
   876 | D:1      | 876 ||| IDENTIFYING scroll labelled LERRIGROLI
   877 | D:1      | 877 ||| READING scroll labelled GOJEAKHE EST.
   878 | D:1      | 878 ||| DROPPING scroll of butterflies.
   879 | D:1      | 879 ||| DROPPING 2 potions of attraction.
   880 | D:1      | 880 ||| DROPPING potion of invisibility.
   881 | D:1      | 881 ||| DROPPING scroll of poison.
   882 | D:1      | 882 ||| DROPPING potion of brilliance.
   978 | D:2      | Noticed Robin
   979 | D:2      | 979 ||| RETREEEEATING.
   980 | D:2      | 980 ||| RETREEEEATING.
   981 | D:2      | 981 ||| RETREEEEATING.
   985 | D:2      | Reached XP level 3. HP: 11/20 MP: 5/5
   990 | D:2      | HP: 4/20 [goblin/+0 club[Robin] (5)]
   995 | D:2      | HP: 3/20 [Robin/+0 club (1)]
   999 | D:2      | Killed Robin
  1000 | D:2      | Reached skill level 7 in Ranged Weapons
  1000 | D:2      | HP: 2/20 [goblin/+0 dagger[Robin] (3)]
  1230 | D:2      | Reached XP level 4. HP: 25/25 MP: 6/6
  1247 | D:2      | Found a faded altar of an unknown god.
  1462 | D:2      | HP: 5/25 [gnoll/+0 halberd (4)]
  1463 | D:2      | 1463 ||| READING 2 scrolls of teleportation.
  1562 | D:2      | HP: 4/25 [gnoll/+0 halberd (12)]
  1563 | D:2      | Reached skill level 8 in Ranged Weapons
  1563 | D:2      | 1563 ||| READING scroll of teleportation.
  1892 | D:2      | 1892 ||| UPGRADING to +0 helmet.
  1897 | D:2      | 1897 ||| UPGRADING to ring of poison resistance.
  1898 | D:2      | 1898 ||| READING 3 scrolls of identify.
  1898 | D:2      | 1898 ||| IDENTIFYING murky purple potion
  1899 | D:2      | 1899 ||| READING 2 scrolls of identify.
  1899 | D:2      | 1899 ||| IDENTIFYING clear potion
  1900 | D:2      | 1900 ||| READING scroll of identify.
  1900 | D:2      | 1900 ||| IDENTIFYING scroll labelled DAHURGH RUSHIM
  1901 | D:2      | 1901 ||| READING scroll labelled LASIYL WEAMM.
  1902 | D:2      | 1902 ||| DROPPING scroll of immolation.
  1903 | D:2      | 1903 ||| DROPPING potion of degeneration.
  1919 | D:3      | Noticed a phantom
  1923 | D:3      | 1923 ||| STAIRDANCE
  1936 | D:2      | Killed a phantom
  1937 | D:2      | Reached skill level 9 in Ranged Weapons
  1937 | D:2      | Reached XP level 5. HP: 26/29 MP: 7/7
  2061 | D:3      | HP: 4/31 [burnt (4)]
  2062 | D:3      | Incinerated by a bombardier beetle

Levels and vault maps discovered:
D:1:      sevenhm_arrival_forest_fort_small_3, layout_basic, serial_rivers,
          chequers_serial_rivers_micro_b, chequers_serial_rivers_room_b,
          chequers_serial_rivers_micro_c, chequers_serial_rivers_small_b,
          chequers_serial_rivers_small_3, minmay_stone_trees_small,
          nicolae_the_louvre
D:2:      layout_basic, ebering_ecumenical_altar_abandoned, uniq_robin
D:3:      layout_loops_ring, lemuel_doored_altar, lightli_corner_chamber,
          uniq_grinder, uniq_natasha

Skill      XL: |  1  2  3  4  5 |
---------------+----------------+-----
Ranged Weapons | 6 7 9 |  9.0
Fighting       | 2 |  2.4
Dodging        | |  2.4
Stealth        | |  1.2

Action                     |  1- 3 |  4- 6 || total
---------------------------+-------+-------++-------
   Fire: Shortbow          |   100 |    82 ||   182
    Use: Scroll            |     6 |     6 ||    12
 Armour: Leather armour    |     5 |       ||     5
         Ring mail         |    24 |    31 ||    55
  Dodge: Dodged            |    28 |    42 ||    70

Table legend:
 A = Non-vault XP
 B = Vault XP
 C = Vault XP percentage of total XP
 D = Non-vault monster count
 E = Vault monster count
 F = Vault count percentage of total count
                 A         B        C        D         E       F
            +---------+---------+-------+---------+---------+-------
      Total |     326 |      36 |   9.9 |      43 |      12 |  21.8
            +---------+---------+-------+---------+---------+-------
        D:1 |      35 |       0 |   0.0 |      23 |       0 |   0.0
        D:2 |     213 |      36 |  14.5 |      15 |      12 |  44.4
        D:3 |      78 |       0 |   0.0 |       5 |       0 |   0.0
            +---------+---------+-------+---------+---------+-------
